Cogmind - Beta 13 @@@ ROGUE MODE // 2024.04.21 @ 14:49:19 Player: Exceptionally Mediocre Result: Destroyed by 7Z-I27(R) with Subdweller Machine Gun Performance ------------- Evolutions (0) 0 Regions Visited (3) 600 Robots Destroyed (41) 205 Value Destroyed (751) 751 Prototype IDs (0) 0 Alien Tech Used (0) 0 Bonus (0) 0 TOTAL SCORE: 1556 Bonus ------- None Cogmind --------- Core Integrity 0/250 Matter 217/300 Energy 106/160 System Corruption 0% Temperature Cool (0) Movement Rolling (135) Ox3 Location -10/Subcaves Parts ------- > --- POWER (1) -------- Light Nuclear Core > --- PROPULSION (2) --- Armored Wheel Armored Wheel > --- UTILITY (2) ------ Huge Storage Unit > --- WEAPON (2) ------- Barrage Gun Grenade Launcher > --- INVENTORY (25) --- Light Nuclear Core Improved Aluminum Leg Improved Aluminum Leg Improved Aluminum Leg Improved Aluminum Leg Armored Wheel Subdweller Monowheel Structural Scanner Signal Interpreter Targeting Computer Core Shielding Power Shielding Weapon Shielding Light Armor Plating Light Armor Plating Light Armor Plating Beam Rifle Subdweller Machine Gun Subdweller Machine Gun Battle Cannon Grenade Launcher Multitool Heavy Hammer Heavy Hammer Peak State ------------ > --- POWER ------------ Improved Ion Engine > --- PROPULSION ------- Armored Wheel Armored Wheel > --- UTILITY ---------- Huge Storage Unit Structural Scanner > --- WEAPON ----------- Subdweller Machine Gun Barrage Gun > --- INVENTORY -------- Improved Ion Engine Light Nuclear Core Light Nuclear Core Improved Aluminum Leg Improved Aluminum Leg Improved Aluminum Leg Improved Aluminum Leg Armored Wheel Armored Wheel Subdweller Monowheel Signal Interpreter Targeting Computer Core Shielding Power Shielding Weapon Shielding Light Armor Plating Light Armor Plating Light Armor Plating Light Armor Plating Beam Rifle Assault Rifle Grenade Launcher Grenade Launcher Heavy Hammer Heavy Hammer [Rating: 17] Favorites ----------- Power Improved Ion Engine Engine Improved Ion Engine Power Core Light Nuclear Core Propulsion Armored Wheel Treads Light Treads Wheel Armored Wheel Utility Huge Storage Unit Device Structural Scanner Storage Huge Storage Unit Protection Light Armor Plating Weapon Particle Cannon Energy Gun Beam Rifle Energy Cannon Particle Cannon Ballistic Gun Assault Rifle Ballistic Cannon Battle Cannon Launcher Grenade Launcher Impact Weapon Heavy Hammer Build | -11 -10 -10 -10 ------- Run | Yrd Mat Min Sub Slots Evolved . | . . . . Power . | . . . . Propulsion . | . . . . Utility . | . . . . Weapon . | . . . . Parts Attached 39 | 8 10 5 16 Power 5 | 1 1 2 1 Engine 4 | 1 1 2 . Core 1 | . . . 1 Reactor . | . . . . Propulsion 5 | 2 2 . 1 Treads 2 | 2 . . . Leg . | . . . . Wheel 3 | . 2 . 1 Hover . | . . . . Flight . | . . . . Utility 8 | 2 3 2 1 Device 3 | 1 1 1 . Storage 3 | 1 2 . . Processor . | . . . . Hackware . | . . . . Protection 2 | . . 1 1 Artifact . | . . . . Weapon 21 | 3 4 1 13 Energy Gun 2 | 1 . . 1 Energy Cannon 1 | . 1 . . Ballistic Gun 7 | 2 1 1 3 Ballistic Cannon 3 | . . . 3 Launcher 4 | . 2 . 2 Special Weapon . | . . . . Impact Weapon 4 | . . . 4 Slashing Weapon . | . . . . Piercing Weapon . | . . . . Special Melee Weapon . | . . . . Unidentified Prototypes . | . . . . Parts Lost 4 | . . . 4 Power 1 | . . . 1 Propulsion . | . . . . Utility 1 | . . . 1 Weapon 2 | . . . 2 Highest Loss Streak 2 | . . . 2 To Critical Strikes . | . . . . Average Slot Usage (%) 99 | . 99 100 100 Engine 14 | . 14 14 14 Treads 10 | . 25 . . Wheel 17 | . 2 28 28 Device 12 | . 14 11 9 Storage 14 | . 14 14 14 Protection 1 | . . 2 4 Energy Cannon 8 | . 6 14 2 Ballistic Gun 16 | . 20 14 14 Impact Weapon 1 | . . . 6 Naked Turns . | . . . . Heaviest Build 97 | 14 94 97 96 Greatest Support 40 | 40 40 24 24 Greatest Overweight (x) 7 | 4 7 4 3 Average Overweight (x) 2 | . . 3 3 Largest Inventory Capacity 25 | 8 25 25 25 Average Capacity 21 | 7 18 25 25 Most Carried 25 | 4 25 25 25 Average Carried 19 | 2 13 24 24 Final Capacity 25 | 8 25 25 25 Final Carried 25 | 4 25 25 24 Class Distribution -------------------- 100% | Mutant Dominant Class ---------------- Mutant | -10/Materials Mutant | -10/Mines Mutant | -10/Subcaves Resources | -11 -10 -10 -10 ----------- Run | Yrd Mat Min Sub Matter Collected 937 | 328 314 125 170 Remotely . | . . . . Salvage Created 1012 | 75 638 177 122 Parts 103 | 12 68 14 9 Haulers Intercepted 1 | . 1 . . Recyclers Shooed 1 | 1 . . . Parts Field Recycled . | . . . . Retrieved Matter . | . . . . Parts Self-Destructed 10 | . . . 10 Prevented . | . . . . Kills | -11 -10 -10 -10 ------- Run | Yrd Mat Min Sub Combat Hostiles Destroyed 22 | . 13 5 4 Guns 7 | . 3 3 1 Cannons 5 | . 2 2 1 AOE 10 | . 8 . 2 Classes Destroyed 10 | 1 8 . 1 Worker 2 | . 2 . . Builder 6 | . 5 1 . Tunneler 5 | 4 1 . . Hauler 1 | . 1 . . Recycler 1 | . 1 . . Operator 2 | . 2 . . Watcher 2 | . 2 . . Swarmer 9 | . 6 3 . Grunt 9 | . 7 2 . Subdweller 4 | . . . 4 Best Kill Streak 5 | 1 5 3 2 Combat Bots Only 5 | . 5 3 2 Max Kills in Single Turn 2 | 1 2 1 1 Gunslinging . | . . . . Exploded 2 | . 2 . 1 Melee . | . . . . Uniques/NPCs Destroyed . | . . . . Combat | -11 -10 -10 -10 -------- Run | Yrd Mat Min Sub Hostile Shots Fired 103 | . 40 34 29 Missed 22 | . 11 4 7 Damage Taken 1406 | . 323 397 686 Core 271 | . 44 54 173 Absorbed by Shields . | . . . . Core Remaining (%) 100 | 100 . . . Volleys Fired 98 | 16 52 17 13 Largest 2 | 2 2 2 2 Hottest 91 | 40 88 91 76 Shots Fired 189 | 32 99 34 24 Gun 144 | 32 78 17 17 Cannon 37 | . 16 17 4 Launcher 8 | . 5 . 3 Special . | . . . . Kinetic 147 | 32 78 17 20 Thermal 34 | . 16 17 1 Explosive 8 | . 5 . 3 Electromagnetic . | . . . . Robot Hit Streak 9 | 8 8 3 9 Robot Miss Streak 4 | 2 3 4 2 Penetration Max . | . . . . Secondary Targets . | . . . . Shots Hit Robots 109 | 18 60 16 15 Core Hits 58 | 6 36 7 9 Critical Kills . | . . . . Critical Parts Destroyed . | . . . . Critical Strikes . | . . . . Melee Attacks 18 | . . . 18 Impact 18 | . . . 18 Slashing . | . . . . Piercing . | . . . . Sneak Attacks . | . . . . Combat Hostiles . | . . . . Follow-up Attacks . | . . . . Damage Inflicted 2163 | 191 1270 298 404 Guns 1087 | 191 552 154 190 Cannons 388 | . 165 144 79 Explosions 688 | . 553 . 135 Melee . | . . . . Ramming . | . . . . Kinetic 1166 | 191 552 154 269 Thermal 309 | . 165 144 . Explosive 688 | . 553 . 135 Electromagnetic . | . . . . Impact . | . . . . Slashing . | . . . . Piercing . | . . . . Highest Corruption . | . . . . Average Corruption . | . . . . Corruption Purged . | . . . . Corruption Blocked . | . . . . Overload Shots . | . . . . Overflow Damage 23 | . 9 14 . Projectiles 14 | . . 14 . Explosions 9 | . 9 . . Melee . | . . . . Knockbacks 1 | . . . 1 Impact . | . . . . Kinetic 1 | . . . 1 Secondary . | . . . . Self-Inflicted Damage . | . . . . Shots . | . . . . Rammed . | . . . . Targets Rammed . | . . . . Kicked . | . . . . Crushed . | . . . . Highest Temperature 233 | . 138 233 3 Average Temperature 55 | . 39 69 3 Received Heat Transfer 318 | . 93 177 48 Siege Activations . | . . . . Robots Corrupted . | . . . . Combat Hostiles . | . . . . Parts Fried . | . . . . Impact Corruptions . | . . . . Robots Melted . | . . . . Combat Hostiles . | . . . . Parts Melted . | . . . . Heat Transferred 555 | . 296 259 . Parts Sabotaged . | . . . . Parts Stolen . | . . . . Parts Stripped . | . . . . Power Chain Reactions . | . . . . Alert | -11 -10 -10 -10 ------- Run | Yrd Mat Min Sub Peak Influence 330 | 20 330 219 . Initial 84 | . 13 84 . Average 101 | 7 146 65 . Maximum Alert Level 1 | . 1 1 . Low Security (%) 78 | 100 61 94 . Level 1 21 | . 38 5 . Level 2 . | . . . . Level 3 . | . . . . Level 4 . | . . . . Level 5 . | . . . . High Security . | . . . . Max Security . | . . . . Squads Dispatched 4 | . 4 . . Investigation 1 | . 1 . . Extermination . | . . . . Reinforcement 3 | . 3 . . Assault . | . . . . Garrison . | . . . . Intercept . | . . . . Searches Triggered . | . . . . Construction Impeded . | . . . . Haulers Reinforced . | . . . . Active Scanning Responses . | . . . . Cargo Convoy Interrupts . | . . . . Stealth | -11 -10 -10 -10 --------- Run | Yrd Mat Min Sub Distress Signals . | . . . . Communications Jammed . | . . . . Distress Signals . | . . . . Times Spotted 40 | . 22 10 8 Peak Tracking Total 5 | . 5 3 3 Tactical Retreats 2 | . . 2 . Traps | -11 -10 -10 -10 ------- Run | Yrd Mat Min Sub Traps Triggered 4 | . 2 . 2 Indirectly . | . . . . Trap Hack Attempts . | . . . . Triggered . | . . . . Disarmed . | . . . . Reprogrammed . | . . . . Reused . | . . . . Traps Extracted . | . . . . Installed . | . . . . Triggered . | . . . . Machines | -11 -10 -10 -10 ---------- Run | Yrd Mat Min Sub Machines Disabled 3 | . 3 . . Max in Single Turn 1 | . 1 . . Machines Repaired . | . . . . Machines Dismantled . | . . . . Machines Sabotaged . | . . . . Overloaded Fab Kills . | . . . . Hacking | -11 -10 -10 -10 --------- Run | Yrd Mat Min Sub Machines Accessed 2 | . 1 1 . Terminals 2 | . 1 1 . Fabricators . | . . . . Repair Stations . | . . . . Recycling Units . | . . . . Scanalyzers . | . . . . Garrison Access . | . . . . Total Hacks 4 | . 1 3 . Successful 2 | . 1 1 . Failed 2 | . . 2 . Catastrophic . | . . . . Database Lockouts . | . . . . Manual 4 | . 1 3 . Terminals 4 | . 1 3 . Fabricators . | . . . . Repair Stations . | . . . . Recycling Units . | . . . . Scanalyzers . | . . . . Garrison Access . | . . . . Terminal Hacks . | . . . . Fabricator Hacks . | . . . . Repair Station Hacks . | . . . . Recycling Unit Hacks . | . . . . Scanalyzer . | . . . . Garrison Access Hacks . | . . . . Unauthorized Hacks 2 | . 1 1 . Terminals 2 | . 1 1 . Botnet 2 | . 1 1 . Fabricators . | . . . . Repair Stations . | . . . . Recycling Units . | . . . . Scanalyzers . | . . . . Garrison Access . | . . . . Data Cores Recovered . | . . . . Used . | . . . . Hacking Detections . | . . . . Full Trace Events . | . . . . Feedback Events . | . . . . Feedback Blocked . | . . . . Robot Schematics Acquired . | . . . . Robots Built . | . . . . Authchips . | . . . . Time . | . . . . Total Robot Build Rating . | . . . . Part Schematics Acquired . | . . . . Parts Built . | . . . . Authchips . | . . . . Time . | . . . . Total Part Build Rating . | . . . . Parts Repaired . | . . . . Time . | . . . . Parts Recycled . | . . . . Recycled Matter . | . . . . Retrieved Matter . | . . . . Retrieved Components . | . . . . Parts Scanalyzed . | . . . . Part Schematics Acquired . | . . . . Parts Damaged . | . . . . Bothacking | -11 -10 -10 -10 ------------ Run | Yrd Mat Min Sub Used RIF Installer . | . . . . Robots Hacked . | . . . . Non-combat . | . . . . Combat . | . . . . Robot Hacks Applied . | . . . . Relay Couplers Released . | . . . . Fabnet Peak Effective % . | . . . . Robots Rewired . | . . . . Allies Hacked . | . . . . Hacks Repelled . | . . . . Allies | -11 -10 -10 -10 -------- Run | Yrd Mat Min Sub Total Allies 3 | . . 3 . Largest Group 3 | . . 3 3 Highest-Rated Group 40 | . . 40 40 Highest-Rated Ally 16 | . . 16 16 Total Orders . | . . . . Ally Attacks 2 | . . . 2 Total Damage 31 | . . . 31 Kills . | . . . . Allies Corrupted . | . . . . Allies Melted . | . . . . Intel | -11 -10 -10 -10 ------- Run | Yrd Mat Min Sub Robot Analysis Total . | . . . . Derelict Logs Recovered 1 | . . 1 . Drone Launches . | . . . . Drone Recoveries . | . . . . Exploration | -11 -10 -10 -10 ------------- Run | Yrd Mat Min Sub Turns Passed 3246 | 193 1244 1098 711 Spaces Moved 1779 | 85 541 716 437 Core 19 | 19 . . . Treads 534 | 66 468 . . Legs . | . . . . Wheels 1226 | . 73 716 437 Hover . | . . . . Flight . | . . . . Fastest Speed 50 | 50 135 135 135 Average Speed 154 | 157 192 136 135 Slowest Speed 320 | 250 320 150 135 Overloaded Moves . | . . . . Propulsion Burnouts . | . . . . Robots Hopped . | . . . . Cave-ins Triggered . | . . . . Exploration Rate (%) 54 | 4 85 97 32 Regions Visited 3 Branch Regions 2 Pre-discovered Areas 1 | . . . 1 Known Exits Taken . | . . . . Unknown Exits Taken 3 | 1 1 1 . Scrap Searched 8 | . . 1 7 Spaces Dug 12 | . 4 . 8 Terrain Destroyed 42 | . 23 . 19 Melee 1 | . . . 1 Projectile . | . . . . AOE 41 | . 23 . 18 Terrain Rammed . | . . . . Walls Destroyed . | . . . . Machines Disabled . | . . . . Actions | -11 -10 -10 -10 --------- Run | Yrd Mat Min Sub Total 2078 | 112 658 807 501 Wait 55 | . . 52 3 Move 1776 | 84 540 715 437 Hop . | . . . . Pick Up 55 | 4 34 9 8 Fast Attach 10 | 7 3 . . Attach 3 | . . . 3 Detach 3 | . 3 . . Swap 26 | 1 7 5 13 Drop 34 | . 19 9 6 Fire 98 | 16 52 17 13 Melee 18 | . . . 18 Ram . | . . . . Kick . | . . . . Crush . | . . . . Escape Stasis . | . . . . Rewire . | . . . . Trap . | . . . . Miscellaneous . | . . . . Route ------- -11/Scrapyard -10/Materials (discovered 4 exits: [*Mat x3] / *Min) -10/Mines (discovered 3 exits: [*Mat x2] / [*Sub]) -10/Subcaves History --------- Turn | Location | Event 6 | -11/Scrapyard | Discovered new exit (range 16) 194 | -11/Scrapyard | Entered Materials 309 | -10/Materials | Build established: Mutant 696 | -10/Materials | Discovered new exit (range 13) 822 | -10/Materials | Discovered new exit (range 14) 1154 | -10/Materials | Discovered new exit (range 10) 1290 | -10/Materials | Discovered new exit (range 9) 1438 | -10/Materials | Entered Mines 1445 | -10/Mines | Learned Materials stockpile data 1510 | -10/Mines | Met a Derelict bent on vengeance 2085 | -10/Mines | Discovered new exit (range 9) 2189 | -10/Mines | Discovered new exit (range 5) 2327 | -10/Mines | Assisted by bots powering up and referring to "LRC-V3" 2519 | -10/Mines | Discovered new exit (range 5) 2536 | -10/Mines | Entered Subcaves 2536 | -10/Subcaves | Accompanied by 3 allies 2596 | -10/Subcaves | Learned location of Zion (-6) 2596 | -10/Subcaves | Met a Zionite searching for "candidates" 2652 | -10/Subcaves | Core integrity fell below 50% 2708 | -10/Subcaves | Shifting Twisted Machinery released Barrage Gun 2710 | -10/Subcaves | Shifting Twisted Machinery released Sub. Machine Gun 3092 | -10/Subcaves | A swath of the cavern ceiling suddenly collapsed 3231 | -10/Subcaves | Ambushed by Subdweller buried in earth 3232 | -10/Subcaves | Core integrity fell below 20% 3240 | -10/Subcaves | Ambushed by Subdweller buried in earth 3240 | -10/Subcaves | Ambushed by Subdweller buried in earth 3247 | -10/Subcaves | Destroyed by 7Z-I27(R) with Subdweller Machine Gun Last Messages --------------- 03020_ Found Sub. Machine Gun. 03020_ Found 30 Matter. 03021_ Acquired 6 matter. 03023_ Dropped Sub. Machine Gun. 03023_ Acquired Sub. Machine Gun. A swath of the cavern ceiling suddenly collapses. 03160_ Acquired 10 matter. 03169_ Dropped Imp. Ion Engine. 03170_ Acquired Multitool. 03232_ 11-RBE(R): "ARGHSUB!" 03234_ 52-VEE(R) destroyed. 03237_ 11-RBE(R) destroyed. 03241_ GF-XCO(R): "HIDIE!" 03241_ 7Z-I27(R): "ARGHSUB!" 03243_ Imp. Ion Engine destroyed. 03244_ The unstable cave ceiling collapses. 03245_ A8-93K(R) affixes Scrap Shield Fragment to Scrap Shield. 03246_ Lgt. Armor Plating destroyed. Map ----- +----------------------------------------------------+ | ?????????????????????????????????????????????????? | | ?????????????????????????????????????????????????? | | ?????????????????????????????????????????????????? | | ?????????????????????????????????????????????????? | | ?????????????????????????????????????????????????? | | ?????????????????????????????????????????????????? | | ?????????????????????????????????????????????????? | | ?????????????????????????????????????????????????? | | ?????????????????????????????????????????????????? | | ?????????????????????????????????????????????????? | | ?????????????????????????????????????????????????? | | ?????????????????????????????????????????????????? | | ?????????????????????????????????????????????????? | | ?????????????????????????????????????????????????? | | ?????????????????????????????????????????????????? | | ?????????????????????????????????????????????????? | | ?????????????????????????????????????????????????? | | ?????????????????????????????????????????????????? | | ???????????????????????????????##????????????????? | | ???????????????????????????????#"##??????????????# | | ???????????????????#######?????#""##??###???????## | | ??????????????????## ###???# " #### #??????## | | ??????????????????# ###?#" " ##?????# | | ??????????????????# # # ""## ####??# | | ????????????????### R ; "##" ## ##### | | ????????????????# @ ""## ## | | ????????????????# [% R """"" !%! | | ????????????????# ;; ## "%""" | | ???????????????# ! # #?# """" ## | | ???????????????### %R# ### #####?##"#" ##### | | ?????????????????# [ ???##??????##"**##???### | | ?????????????????# ##????????????##% %#?????## | | ????????????????# #???????????????#=% #??????# | | ????????????????# ????????????????## ##??????# | | ???????????????? ?????????????????? ???????# | | ??????????????? ?????????????????? ???????## | | ??????????????## ?????????????????? ???????# | | ???????????????# ?????????????????? ???????? | | ???????????????? ?????????????????? ## ??????? | | ???????????????????????????????????###??% ??????? | | ???????????????????????????????????????? ?????? | | ???????????????????????????????????????? ?????? | | ???????????????????????????????????????? ##?????? | | ????????????????????????????????????????? #??????? | | ????????????????????????????????????????? #??????? | | ????????????????????????????????????????? #??????? | | ??????????????????????????????????????????#??????? | | ?????????????????????????????????????????????????? | | ?????????????????????????????????????????????????? | | ?????????????????????????????????????????????????? | +----------------------------------------------------+ Best States ------------- Heat Dissipation 25 Energy Generation 12 Energy Capacity 265 Matter Stores 300 Matter Capacity 300 Sight Range 16 Terrain Scan Range 16 Terrain Scan Density 10 Armor Coverage 150 Evasion (%) 40 Recoil Reduction 2 Item Schematics ----------------- None Robot Schematics ------------------ None Fabricated ------------ Nothing Alien Tech Used ----------------- None Achievements -------------- None Challenges ------------ None Game ------ Seed GravityCargoSubcomponent Manual? 0 Play Time 00:27:43 Cumulative 91.2 hours Start 2024.04.21 @ 14:19:23 End 2024.04.21 @ 14:49:19 Sessions 1 Manual Loads 0 Difficulty Rogue Special Mode None Game No. 107 Rogue 107 Adventurer 0 Explorer 0 Win Type - Total 0 Types 0/0/0/0/0/0/0/0/0 Lore% 26 Gallery% 50 Achievement% 39 Wizard Run 0 Options --------- Layout 1 ASCII 0 Keyboard 1 Movement Vi Keybinds 0 Fullscreen 1 Font 24/Smallcaps Map View 50x35 Zoom Use 0% Tactical HUD 1 Map Filters NONE Filters NONE Steam 1 RUN: 8f463fb2-dfbb-461e-8bf6-736055ef410f